 Dungeon Crawl Stone Soup version 0.23.2-40-g277498a001 (webtiles) character file.

Game seed: 13843392768674435212

18 EWolf27 the Sneak (level 2, 0/13 HPs)
             Began as a Spriggan Enchanter on Oct 19, 2019.
             Slain by a kobold (1 damage)
             ... on level 1 of the Dungeon.
             The game lasted 00:08:22 (1289 turns).

EWolf27 the Sneak (Spriggan Enchanter)              Turns: 1289, Time: 00:08:22

Health: 0/13       AC:  2    Str:  4    XL:     2   Next: 48%
Magic:  5/6        EV: 19    Int: 16    God:
Gold:   57         SH:  0    Dex: 16    Spells: 3/6 levels left

rFire    . . .     SeeInvis +   a - +1 dagger
rCold    . . .     Gourm    .   (shield restricted)
rNeg     . . .     Faith    .   b - +0 robe
rPois    .         Spirit   .   (helmet restricted)
rElec    .         Reflect  .   (no cloak)
rCorr    .         Harm     .   (gloves unavailable)
MR       .....                  (boots unavailable)
Stlth    +++.......             (no amulet)
HPRegen  0.04/turn              (no ring)
MPRegen  0.10/turn              (no ring)

@: very quick
A: very small, unfitting armour, see invisible, herbivore, speed 3, slow
metabolism 2
a: no special abilities


You were on level 1 of the Dungeon.
You were not hungry.

You visited 1 branch of the dungeon, and saw 2 of its levels.

You collected 57 gold pieces.

Inventory:

Hand Weapons
 a - a +1 dagger (weapon)
Missiles
 c - 28 stones (quivered)
Armour
 b - a +0 robe (worn)
Scrolls
 e - a scroll of enchant armour {unknown}
 g - 2 scrolls of identify {unknown}
Potions
 f - a potion of might {unknown}
Comestibles
 d - a ration


   Skills:
 * Level 2.1 Short Blades
 + Level 3.4 Dodging
 + Level 4.8 Stealth
 - Level 2.6 Spellcasting
 - Level 3.6 Hexes


You had 3 spell levels left.
You knew the following spells:

 Your Spells              Type           Power        Failure   Level  Hunger
a - Corona                Hex            ##.....      4%          1    #......
b - Ensorcelled Hibernat  Hex/Ice        #.....       14%         2    ##.....

Your spell library contained the following spells:

 Spells                   Type           Power        Failure   Level  Hunger
 Confuse                  Hex            ##......     13%         3    ###....
 Tukima's Dance           Hex            ##......     13%         3    ###....
 Dazzling Spray           Conj/Hex       #.....       28%         3    ###....


Dungeon Overview and Level Annotations

Branches:
Dungeon (2/15)

Altars:


Innate Abilities, Weirdness & Mutations

You are very small and have problems with some larger weapons.
You are too small for most types of armour.
You have supernaturally acute eyesight. (SInv)
You are a herbivore.
You cover ground extremely quickly.
You need to consume almost no food.


Message History

The kobold misses you.
You closely miss the kobold.
The kobold is severely wounded.
The kobold misses you. The kobold hits you with a +0 dagger.
The kobold hits you.
Casting: Corona (safe; 4% risk of failure)
Confirm with . or Enter, or press ? or * to list all spells.
Aiming: Corona (safe; 4% risk of failure)
Press: ? - help, Shift-Dir - straight line, f/p - kobold
Aim: a kobold (moderately wounded, chance to defeat MR: 67%)
The kobold is outlined in light.
The kobold hits you.
You barely miss the kobold.
The kobold is moderately wounded.
The kobold misses you. The kobold completely misses you.
You hit the kobold but do no damage.
The kobold is moderately wounded.
The kobold completely misses you. The rat bites you.
* * * LOW HITPOINT WARNING * * *
The kobold hits you.
You die...

K..................≈≈≈#+###.#####
......K.........)..≈≈≈≈≈+...#...#
.!.................≈≈≈≈≈#.###.<.'
...................≈≈≈≈≈#.###...'
...................≈≈≈≈≈+...#...#
..........#.##.....≈≈≈#'###.#####
g####..............≈≈≈'...'......
...............r...≈≈≈'...##'###+
...........)...K@..≈≈≈#+#'#≈≈≈≈≈≈
...............K...≈≈≈≈≈≈≈≈≈≈≈≈≈≈
.###........).....)≈≈≈≈≈≈≈≈≈≈≈≈≈≈
.# #.#.#.....(#....≈≈≈≈≈≈≈≈≈≈≈≈≈≈
...#.............................
.......#.....##.##...............
....r.......(....................
.....####....##....#####.#.######
...........(.......#####.........


You could see 2 kobolds and a rat.

Vanquished Creatures
  A dart slug (D:1)
  4 goblins (D:1)
  5 kobolds (D:1)
  4 bats (D:1)
  3 rats (D:1)
17 creatures vanquished.

Notes
Turn   | Place    | Note
-------+----------+-------------------------------------------
     0 | D:1      | EWolf27 the Spriggan Enchanter began the quest for the Orb.
     0 | D:1      | Reached XP level 1. HP: 9/9 MP: 5/5
   326 | D:1      | You fall through a shaft!
   719 | D:1      | Reached XP level 2. HP: 13/13 MP: 6/6
  1031 | D:1      | Learned a level 2 spell: Ensorcelled Hibernation
  1289 | D:1      | Slain by a kobold

Skill      XL: |  1  2 |
---------------+-------+-----
Short Blades   | 2 |  2.1
Dodging        | |  3.4
Stealth        | |  4.8
Spellcasting   | |  2.6
Hexes          | |  3.6

Action                   || total
-------------------------++-------
Melee: Dagger            ||    77
Throw: Stone             ||     4
 Cast: Corona            ||     3
 Stab: Sleeping          ||     4
Armor: Robe              ||    16
Dodge: Dodged            ||    74
